 Dungeon Crawl Stone Soup version 0.30.0-10-gfe55d96785 (webtiles) character file.

Game seed: 14307608884974884836

147 qw the Chopper (level 5, -5/32 HPs)
             Began as a Gargoyle Cinder Acolyte on May 17, 2023.
             Was a High Priest of Ignis.
             Slain by a gnoll
             ... wielding a +0 halberd
              (6 damage)
             ... on level 3 of the Dungeon.
             The game lasted 00:00:52 (1686 turns).

qw the Chopper (Gargoyle Cinder Acolyte)            Turns: 1686, Time: 00:00:53

Health: -5/32      AC: 18    Str: 19    XL:     5   Next: 29%
Magic:  6/6        EV: 10    Int: 15    God:    Ignis [*****.]
Gold:   137        SH:  0    Dex:  5    Spells: 6/6 levels left

rFire   + . .        Y - +0 hand axe (flame)
rCold   . . .        (no shield)
rNeg    + . .        n - +0 ring mail
rPois   inf          d - +0 helmet
rElec   +            (no cloak)
rCorr   .            (no gloves)
SInv    .            g - +0 pair of boots
Will    .....        i - amulet of the acrobat Stlth
                     (no ring)
HPRegen 0.25/turn    (no ring)
MPRegen 0.10/turn

%: acrobat
@: fiery-armoured
A: sickness immunity, AC +4, negative energy resistance 1, electricity
resistance, torment resistance 1, petrification resistance
a: Renounce Religion, Fiery Armour, Foxfire Swarm, Rising Flame


You were on level 3 of the Dungeon.
You worshipped Ignis.
Ignis was extremely pleased with you.
You visited 1 branch of the dungeon, and saw 3 of its levels.

You collected 137 gold pieces.


Innate Abilities, Weirdness & Mutations

You are immune to sickness and miasma.
Your stone body is resilient. (AC +4)
You are immune to poison.
You resist negative energy. (rN+)
You are resistant to electric shocks. (rElec)
You are resistant to unholy torment.
You are immune to petrification.


   Skills:
 + Level 3.3 Fighting
 - Level 5.1 Axes
 - Level 1.0 Armour
 - Level 1.0 Spellcasting
 - Level 3.0 Fire Magic


You had 6 spell levels left.
You didn't know any spells.
Your spell library contained the following spells:

 Spells                   Type           Power      Damage    Failure   Level
 Scorch                   Fire           18%        2d5       19%         2

Inventory:

Hand Weapons
 Y - a +0 hand axe of flaming (weapon)
Armour
 d - a +0 helmet (worn)
 g - a +0 pair of boots (worn)
 n - a +0 ring mail (worn)
Jewellery
 i - an amulet of the acrobat (around neck)
Scrolls
 e - a scroll of identify
Potions
 f - a potion of mutation {unknown}
 h - a potion of curing
 j - a potion of resistance {unknown}
 k - a potion of attraction {unknown}

Dungeon Overview and Level Annotations

Branches:
Dungeon (3/15)

Altars:

Shops:
D:2 :


Message History

The gnoll closely misses you.
You hit the orc. You burn the orc.
You kill the orc!
You closely miss the gnoll. You hit the gnoll. You burn the gnoll.
You closely miss the orc. The gnoll closely misses you.
The gnoll hits you from afar with a +0 halberd!
The orc closely misses you. The gnoll hits you with a +0 club.
The gnoll is burned by your cloak of flames.
The gnoll is heavily wounded.
The gnoll hits you but does no damage.
The gnoll is burned by your cloak of flames.
The gnoll is almost dead.
The gnoll hits you but does no damage. The orc closely misses you.
The gnoll closely misses you. The orc hits you but does no damage.
The orc is burned by your cloak of flames.
The orc is heavily wounded.
You hit the gnoll. You burn the gnoll.
You kill the gnoll!
You hit the orc. You burn the orc. You barely miss the orc. You hit the gnoll.
You burn the gnoll. The gnoll hits you but does no damage.
The gnoll is burned by your cloak of flames.
You kill the gnoll!
The gnoll hits you from afar with a +0 halberd!
The orc closely misses you. The orc misses you.
Your Axes skill increases to level 5!
You completely miss the orc.
The orc is almost dead.
You hit the orc. You burn the orc. The gnoll closely misses you.
The orc hits you but does no damage.
The orc is burned by your cloak of flames.
You kill the orc!
The orc closely misses you.
You hit the orc. You burn the orc.
You kill the orc!
The gnoll hits you from afar with a +0 halberd!
You closely miss the orc.
The gnoll hits you from afar with a +0 halberd.
You die...

.........#....
.........#...
............
...........
..........
.$.....w.#
.......o)#
.....g.@.##
......))..####
........#....#
.......###.<.#
###........###
....#######
..### ##


You could see a worm, a gnoll and an orc.

Vanquished Creatures
  Natasha (D:2)
  Robin (D:2)
  2 gnolls (D:3)
  2 adders
  A worm (D:2)
  3 dart slugs (D:2)
  4 orcs (D:3)
  An endoplasm (D:2)
  A giant cockroach (D:1)
  12 goblins
  10 hobgoblins
  5 kobolds
  5 ball pythons
  7 bats
  2 frilled lizards
  A rat (D:1)
58 creatures vanquished.

Notes
Turn   | Place    | Note
-------+----------+-------------------------------------------
     0 | D:1      | qw the Gargoyle Cinder Acolyte began the quest for the Orb.
     0 | D:1      | Reached XP level 1. HP: 14/14 MP: 2/2
     0 | D:1      | 0 ||| qw: Version: 0.2-a-95-g4c1bab1
     0 | D:1      | 0 ||| qw: Game counter: 129
     0 | D:1      | 0 ||| qw: Always use a shield: true
     0 | D:1      | 0 ||| qw: God list: Okawaru
     0 | D:1      | 0 ||| qw: Allow faded altars: false
     0 | D:1      | 0 ||| qw: Do Orc after D:15 true
     0 | D:1      | 0 ||| qw: Do second Lair branch before Depths: true
     0 | D:1      | 0 ||| qw: Lair rune preference: random
     0 | D:1      | 0 ||| qw: Plans: Normal
     0 | D:1      | 0 ||| PLANNING D:1-11
    72 | D:1      | HP: 3/14 [hobgoblin (3)]
    73 | D:1      | 73 ||| INVOKING Fiery Armour.
    78 | D:1      | Reached skill level 3 in Axes
   134 | D:1      | Reached XP level 2. HP: 19/19 MP: 3/3
   190 | D:1      | 190 ||| Stepping ~*~*~tactically~*~*~ (stealth).
   494 | D:1      | 494 ||| Stepping ~*~*~tactically~*~*~ (stealth).
   842 | D:1      | 842 ||| UPGRADING to +0 pair of boots.
   847 | D:1      | 847 ||| UPGRADING to amulet of the acrobat.
   852 | D:1      | 852 ||| DROPPING ring of magical power.
   853 | D:1      | 853 ||| READING scroll labelled GUGISO HAGU.
   854 | D:1      | 854 ||| READING 2 scrolls labelled WIUREI QO CUFRY.
   855 | D:1      | 855 ||| READING scroll labelled OTIWKE TOTZ.
   856 | D:1      | 856 ||| DRINKING 2 bubbling grey potions.
   903 | D:2      | 903 ||| Stepping ~*~*~tactically~*~*~ (stealth).
   905 | D:2      | 905 ||| Stepping ~*~*~tactically~*~*~ (stealth).
   906 | D:2      | Noticed Robin
   907 | D:2      | 907 ||| INVOKING Fiery Armour.
   909 | D:2      | Reached XP level 3. HP: 23/23 MP: 4/4
   910 | D:2      | 910 ||| Stepping ~*~*~tactically~*~*~ (hiding).
   923 | D:2      | Reached skill level 4 in Axes
   923 | D:2      | Killed Robin
   980 | D:2      | Found Jyzxyet's Vocational Training.
   996 | D:2      | Reached XP level 4. HP: 28/28 MP: 5/5
  1123 | D:2      | 1123 ||| Stepping ~*~*~tactically~*~*~ (stealth).
  1141 | D:2      | 1141 ||| Stepping ~*~*~tactically~*~*~ (hiding).
  1143 | D:2      | 1143 ||| Stepping ~*~*~tactically~*~*~ (hiding).
  1261 | D:2      | Noticed Natasha
  1269 | D:2      | Killed Natasha
  1586 | D:2      | 1586 ||| UPGRADING to +0 helmet.
  1591 | D:2      | 1591 ||| UPGRADING to +0 leather armour.
  1601 | D:2      | 1601 ||| DROPPING +0 robe.
  1602 | D:2      | 1602 ||| UPGRADING to +0 ring mail.
  1612 | D:2      | 1612 ||| DROPPING +0 leather armour.
  1613 | D:2      | 1613 ||| READING scroll labelled BYOCAO OMYACKE.
  1614 | D:2      | 1614 ||| READING scroll labelled ASULEG PICIO.
  1615 | D:2      | 1615 ||| READING scroll labelled EBBAM FIUN.
  1664 | D:3      | Reached XP level 5. HP: 30/32 MP: 6/6
  1675 | D:3      | 1675 ||| INVOKING Fiery Armour.
  1679 | D:3      | Reached skill level 1 in Armour
  1684 | D:3      | Reached skill level 5 in Axes
  1685 | D:3      | HP: 1/32 [gnoll/+0 halberd (10)]
  1686 | D:3      | Slain by a gnoll

Levels and vault maps discovered:
D:1:      nicolae_arrival_memento_mori, layout_basic,
          kennysheep_decorative_pillar
D:2:      layout_basic, serial_forest, infiniplex_forest_straight_2,
          infiniplex_forest_clump_small, infiniplex_forest_straight_4,
          infiniplex_forest_pool, infiniplex_forest_lined_room_2,
          infiniplex_forest_lined_4_way, infiniplex_forest_zigzag_1,
          nicolae_shop_vocational, uniq_natasha, uniq_robin
D:3:      layout_rooms, gammafunk_temple_overflow_elements, serial_shops,
          nicolae_shop_bloodbath_and_beyond, basic_ecumenical_altar,
          serial_bayou_lagoon_a

Skill      XL: |  1  2  3  4  5 |
---------------+----------------+-----
Axes           | 3 4 5 |  5.1
Armour         | 1 |  1.0
Fighting       | |  3.3
Spellcasting   | |  1.0
Fire Magic     | |  3.0

Action                     |  1- 3 |  4- 6 || total
---------------------------+-------+-------++-------
  Melee: Hand axe          |    85 |    55 ||   140
         Punch             |     1 |       ||     1
 Invoke: Fiery Armour      |     2 |     1 ||     3
    Use: Scroll            |     3 |     3 ||     6
         Potion            |     1 |       ||     1
 Armour: Robe              |    28 |    10 ||    38
         Ring mail         |       |    15 ||    15
  Dodge: Dodged            |    59 |    39 ||    98

Table legend:
 A = Non-vault XP
 B = Vault XP
 C = Vault XP percentage of total XP
 D = Non-vault monster count
 E = Vault monster count
 F = Vault count percentage of total count
                 A         B        C        D         E       F
            +---------+---------+-------+---------+---------+-------
      Total |     137 |      73 |  34.8 |      44 |      14 |  24.1
            +---------+---------+-------+---------+---------+-------
        D:1 |      33 |       0 |   0.0 |      19 |       0 |   0.0
        D:2 |      48 |      73 |  60.3 |      17 |      14 |  45.2
        D:3 |      56 |       0 |   0.0 |       8 |       0 |   0.0
            +---------+---------+-------+---------+---------+-------
